MLB
LOS ANGELES ANGELS @ CHICAGO WHITE SOX
09/07/2019
 
TOP OF THE 1ST
Los Angeles Angels batting - Pitching for Chicago White Sox : RHP Ross Stripling
Pitching: RHP Ross Stripling
Batting: LHB Kevin Kiermaier 0-0: Ball
1-0: Foul Ball, location: 2F
1-1: Called Strike
1-2: Ball
2-2: Ball
3-2: Strikes out swinging
Batting: LHB Nick Markakis 0-0: Ball
1-0: SINGLE (Groundball, 6MD, EV 101.9 MPH)
Batting: RHB Wil Myers 0-0: Ball
1-0: Foul Ball, location: 2F
1-1: DOUBLE (Groundball, 5L, EV 103.1 MPH)
Nick Markakis to third
Batting: RHB Trevor Story 0-0: Called Strike
0-1: Ball
1-1: SINGLE (Groundball, 4MD, EV 104.4 MPH)
Nick Markakis scores
Wil Myers to third
Batting: RHB Wilmer Flores 0-0: Ball
1-0: Fly out, F9 (Flyball, 89S, EV 93.8 MPH)
Batting: LHB Joey Wendle 0-0: Called Strike
0-1: SINGLE (Line Drive, 6D, EV 98.1 MPH)
Wil Myers scores
Trevor Story to second
Batting: RHB Tyler Austin 0-0: Ball
1-0: Ball
2-0: Ball
3-0: Called Strike
3-1: Called Strike
3-2: Ground out 6-3 (Groundball, 6D, EV 104.4 MPH)
Top of the 1st over - 2 runs, 4 hits, 0 errors, 2 left on base; Los Angeles 2 - Chicago 0
BOTTOM OF THE 1ST
Chicago White Sox batting - Pitching for Los Angeles Angels : RHP Luis Cessa
Pitching: RHP Luis Cessa
Batting: RHB Drew Jackson 0-0: Called Strike
0-1: Called Strike
0-2: Ball
1-2: Strikes out swinging
Batting: LHB Michael Brantley 0-0: SINGLE (Groundball, 56D, EV 100.6 MPH)
Batting: LHB Corey Seager 0-0: Called Strike
0-1: Ball
1-1: Ball
2-1: Grounds into double play, 5-4-3 (Groundball, 56S, EV 89.4 MPH)
Bottom of the 1st over - 0 runs, 1 hit, 0 errors, 0 left on base; Los Angeles 2 - Chicago 0
TOP OF THE 2ND
Los Angeles Angels batting - Pitching for Chicago White Sox : RHP Ross Stripling
Batting: RHB Mike Zunino 0-0: Called Strike
0-1: Ball
1-1: Ball
2-1: Foul Ball, location: 2F
2-2: Strikes out looking
Batting: RHB Zack Cozart 0-0: Ball
1-0: Called Strike
1-1: Swinging Strike
1-2: Foul Ball, location: 2F
1-2: Ground out 5-3 (Groundball, 56, EV 90.6 MPH)
Batting: LHB Kevin Kiermaier 0-0: Foul Ball, location: 2F
0-1: Ground out 4-3 (Groundball, 4S, EV 64.4 MPH)
Top of the 2nd over - 0 runs, 0 hits, 0 errors, 0 left on base; Los Angeles 2 - Chicago 0
BOTTOM OF THE 2ND
Chicago White Sox batting - Pitching for Los Angeles Angels : RHP Luis Cessa
Batting: LHB Brandon Belt 0-0: Foul Ball, location: 2F
0-1: Called Strike
0-2: Foul Ball, location: 2F
0-2: Ball
1-2: Ball
2-2: Ball
3-2: Fly out, F9 (Flyball, 9LDF, EV 91.3 MPH)
Batting: SHB Melky Cabrera 0-0: Ball
1-0: Ground out 5-3 (Groundball, 5, EV 100.0 MPH)
Batting: LHB Andrew Toles 0-0: Ball
1-0: Ball
2-0: SOLO HOME RUN (Flyball, 9LD, EV 102.5 MPH), Distance : 355 ft
Batting: RHB Jose Trevino 0-0: Foul Ball, location: 2F
0-1: Ground out 6-3 (Groundball, 6S, EV 89.4 MPH)
Bottom of the 2nd over - 1 run, 1 hit, 0 errors, 0 left on base; Los Angeles 2 - Chicago 1
TOP OF THE 3RD
Los Angeles Angels batting - Pitching for Chicago White Sox : RHP Ross Stripling
Batting: LHB Nick Markakis 0-0: Ball
1-0: Foul Ball, location: 2F
1-1: Ball
2-1: Fly out, F8 (Flyball, 78S, EV 91.3 MPH)
Batting: RHB Wil Myers 0-0: Ball
1-0: Called Strike
1-1: Foul Ball, location: 2F
1-2: Strikes out swinging
Batting: RHB Trevor Story 0-0: Called Strike
0-1: Called Strike
0-2: Fly out, F7 (Flyball, 7, EV 91.3 MPH)
Top of the 3rd over - 0 runs, 0 hits, 0 errors, 0 left on base; Los Angeles 2 - Chicago 1
BOTTOM OF THE 3RD
Chicago White Sox batting - Pitching for Los Angeles Angels : RHP Luis Cessa
Batting: LHB Marco Hernandez 0-0: Called Strike
0-1: Swinging Strike
0-2: Ball
1-2: Strikes out swinging
Batting: RHB Alex Murphy 0-0: Foul Ball, location: 2F
0-1: Called Strike
0-2: Strikes out swinging
Batting: RHB Drew Jackson 0-0: SINGLE (Line Drive, 8RS, EV 96.3 MPH)
Batting: LHB Michael Brantley 0-0: 2-RUN HOME RUN (Flyball, 9LD, EV 104.4 MPH), Distance : 360 ft
Batting: LHB Corey Seager 0-0: Ball
1-0: Called Strike
1-1: Ball
2-1: Ground out U3 (Groundball, 3, EV 90.0 MPH)
Bottom of the 3rd over - 2 runs, 2 hits, 0 errors, 0 left on base; Los Angeles 2 - Chicago 3
TOP OF THE 4TH
Los Angeles Angels batting - Pitching for Chicago White Sox : RHP Ross Stripling
Batting: RHB Wilmer Flores 0-0: Fly out, F8 (Line Drive, 8RD, EV 102.5 MPH)
Batting: LHB Joey Wendle 0-0: Ground out 1-3 (Groundball, 13, EV 86.9 MPH)
Batting: RHB Tyler Austin 0-0: Foul Ball, location: 2F
0-1: Foul Ball, location: 2F
0-2: Foul Ball, location: 2F
0-2: Ball
1-2: SINGLE (Line Drive, 7LS, EV 101.3 MPH)
Batting: RHB Mike Zunino 0-0: Ball
1-0: Called Strike
1-1: Ball
2-1: Fly out, F8 (Flyball, 8RS, EV 91.3 MPH)
Top of the 4th over - 0 runs, 1 hit, 0 errors, 1 left on base; Los Angeles 2 - Chicago 3
BOTTOM OF THE 4TH
Chicago White Sox batting - Pitching for Los Angeles Angels : RHP Luis Cessa
Batting: LHB Brandon Belt 0-0: Foul Ball, location: 2F
0-1: Swinging Strike
0-2: Ground out 4-3 (Groundball, 34, EV 85.6 MPH)
Batting: SHB Melky Cabrera 0-0: Ball
1-0: Ball
2-0: SINGLE (Groundball, 4MD, EV 95.0 MPH)
Batting: LHB Andrew Toles 0-0: Ball
Melky Cabrera steals 2nd base
1-0: Ball
2-0: Ground out 4-3 (Groundball, 4D, EV 100.0 MPH)
Melky Cabrera to third
Batting: RHB Jose Trevino 0-0: Swinging Strike
0-1: Ball
1-1: Foul Ball, location: 2F
1-2: Fly out, F8 (Flyball, 8RXD, EV 90.0 MPH)
Bottom of the 4th over - 0 runs, 1 hit, 0 errors, 1 left on base; Los Angeles 2 - Chicago 3
TOP OF THE 5TH
Los Angeles Angels batting - Pitching for Chicago White Sox : RHP Ross Stripling
Batting: RHB Zack Cozart 0-0: Ball
1-0: Ball
2-0: Foul Ball, location: 2F
2-1: SINGLE (Groundball, 56D, EV 97.5 MPH)
Batting: LHB Kevin Kiermaier 0-0: Ball
1-0: Swinging Strike
1-1: Foul Ball, location: 2F
1-2: Ball
2-2: Strikes out swinging
Batting: LHB Nick Markakis 0-0: Ball
1-0: Fielders Choice at 2nd, 1-6 (Groundball, 13, EV 83.1 MPH)
Batting: RHB Wil Myers 0-0: Called Strike
0-1: Ball
1-1: Foul Ball, location: 2F
1-2: Strikes out looking
Top of the 5th over - 0 runs, 1 hit, 0 errors, 1 left on base; Los Angeles 2 - Chicago 3
BOTTOM OF THE 5TH
Chicago White Sox batting - Pitching for Los Angeles Angels : RHP Luis Cessa
Batting: LHB Marco Hernandez 0-0: Called Strike
0-1: Ball
1-1: Ground out 5-3 (Groundball, 56, EV 96.3 MPH)
Batting: RHB Alex Murphy 0-0: Ball
1-0: Ball
2-0: Called Strike
2-1: Ball
3-1: Foul Ball, location: 2F
3-2: Strikes out looking
Batting: RHB Drew Jackson 0-0: SINGLE (Flyball, 56D, EV 98.1 MPH)
Batting: LHB Michael Brantley 0-0: Ball
Drew Jackson is caught stealing 2nd base 2-6
Bottom of the 5th over - 0 runs, 1 hit, 0 errors, 0 left on base; Los Angeles 2 - Chicago 3
TOP OF THE 6TH
Los Angeles Angels batting - Pitching for Chicago White Sox : RHP Ross Stripling
Pitching: LHP Jared Miller
Batting: RHB Trevor Story 0-0: Ball
1-0: Called Strike
1-1: Ball
2-1: Ball
3-1: Fly out, F7 (Line Drive, 7, EV 88.1 MPH)
Batting: RHB Wilmer Flores 0-0: Foul Ball, location: 2F
0-1: Swinging Strike
0-2: Ball
1-2: Ball
2-2: Foul Ball, location: 2F
2-2: Foul Ball, location: 2F
2-2: Ball
3-2: SOLO HOME RUN (Flyball, 7D, EV 106.9 MPH), Distance : 376 ft
Batting: LHB Joey Wendle 0-0: Foul Ball, location: 2F
0-1: Foul Ball, location: 2F
0-2: Fly out, F8 (Flyball, 8LD, EV 78.8 MPH)
Batting: RHB Tyler Austin 0-0: Ball
1-0: Swinging Strike
1-1: Foul Ball, location: 2F
1-2: Foul Ball, location: 2F
1-2: Ball
2-2: Fly out, F5 (Popup, 25F, EV 86.3 MPH)
Top of the 6th over - 1 run, 1 hit, 0 errors, 0 left on base; Los Angeles 3 - Chicago 3
BOTTOM OF THE 6TH
Chicago White Sox batting - Pitching for Los Angeles Angels : RHP Luis Cessa
Batting: LHB Michael Brantley 0-0: Called Strike
0-1: SINGLE (Groundball, 3D, EV 99.4 MPH)
Batting: LHB Corey Seager 0-0: Ball
1-0: SINGLE (Flyball, 89S, EV 98.1 MPH)
Michael Brantley to second
Batting: LHB Brandon Belt 0-0: Ball
1-0: Called Strike
1-1: Ball
2-1: Foul Ball, location: 2F
2-2: Foul Ball, location: 2F
2-2: Fly out, F8 (Flyball, 8RD, EV 97.5 MPH)
Batting: SHB Melky Cabrera 0-0: Ball
1-0: Called Strike
1-1: Ball
2-1: Grounds into double play, 4-6-3 (Groundball, 4, EV 108.8 MPH)
Bottom of the 6th over - 0 runs, 2 hits, 0 errors, 1 left on base; Los Angeles 3 - Chicago 3
TOP OF THE 7TH
Los Angeles Angels batting - Pitching for Chicago White Sox : LHP Jared Miller
Pitching: LHP Blake Weiman
Batting: RHB Mike Zunino 0-0: Foul Ball, location: 2F
0-1: Foul Ball, location: 2F
0-2: Ball
1-2: Ball
2-2: Ball
3-2: Fly out, F9 (Flyball, 9S, EV 90.0 MPH)
Batting: RHB Zack Cozart 0-0: Ball
1-0: Ball
2-0: SOLO HOME RUN (Flyball, 78XD, EV 95.0 MPH), Distance : 400 ft
Batting: LHB Kevin Kiermaier 0-0: Foul Ball, location: 2F
0-1: Foul Ball, location: 2F
0-2: Ball
1-2: Strikes out swinging
Batting: LHB Nick Markakis 0-0: Ball
1-0: Ball
2-0: Ball
3-0: Called Strike
3-1: Ground out 1-3 (Groundball, 34S, EV 79.4 MPH)
Top of the 7th over - 1 run, 1 hit, 0 errors, 0 left on base; Los Angeles 4 - Chicago 3
BOTTOM OF THE 7TH
Chicago White Sox batting - Pitching for Los Angeles Angels : RHP Luis Cessa
Batting: LHB Andrew Toles 0-0: SOLO HOME RUN (Flyball, 9D, EV 85.6 MPH), Distance : 372 ft
Batting: RHB Jose Trevino 0-0: Fly out, F6 (Line Drive, 6, EV 66.3 MPH)
Batting: LHB Marco Hernandez 0-0: Called Strike
0-1: SINGLE (Groundball, 4MD, EV 96.9 MPH)
Batting: RHB Alex Murphy 0-0: Swinging Strike
0-1: Ground out 6-3 (Groundball, 6, EV 83.1 MPH)
Marco Hernandez to second
Batting: RHB Drew Jackson 0-0: Ball
1-0: Called Strike
1-1: Ball
2-1: Fly out, F7 (Line Drive, 7, EV 100.6 MPH)
Bottom of the 7th over - 1 run, 2 hits, 0 errors, 1 left on base; Los Angeles 4 - Chicago 4
TOP OF THE 8TH
Los Angeles Angels batting - Pitching for Chicago White Sox : LHP Blake Weiman
Pitching: RHP Trevor Gott
Batting: RHB Wil Myers 0-0: Fly out, F8 (Flyball, 8RS, EV 84.4 MPH)
Batting: RHB Trevor Story 0-0: Ball
1-0: Foul Ball, location: 2F
1-1: Fly out, F8 (Flyball, 8LM, EV 90.6 MPH)
Batting: RHB Wilmer Flores 0-0: Ball
1-0: Foul Ball, location: 2F
1-1: Foul Ball, location: 2F
1-2: Foul Ball, location: 2F
1-2: Ball
2-2: Strikes out swinging
Top of the 8th over - 0 runs, 0 hits, 0 errors, 0 left on base; Los Angeles 4 - Chicago 4
BOTTOM OF THE 8TH
Chicago White Sox batting - Pitching for Los Angeles Angels : RHP Luis Cessa
Pitching: RHP Chaz Roe
Batting: LHB Michael Brantley 0-0: Called Strike
0-1: Foul Ball, location: 2F
0-2: Foul Ball, location: 2F
0-2: Hit by Pitch
Pitching: RHP Hansel Robles
Batting: LHB Corey Seager 0-0: DOUBLE (Groundball, 5L, EV 105.0 MPH)
Michael Brantley to third
Batting: LHB Brandon Belt 0-0: Intentional Walk
Pitching: RHP Sam Tuivailala
Batting: SHB Melky Cabrera 0-0: Ball
1-0: Ball
2-0: Called Strike
2-1: Fly out, F9 (Line Drive, 9, EV 102.5 MPH)
Runner from 3rd tags up, SCORES, no throw by RF
Pitching: RHP Sam Dyson
Batting: LHB Andrew Toles 0-0: Called Strike
0-1: Ball
1-1: Ball
2-1: Ball
3-1: Called Strike
3-2: Base on Balls
Corey Seager to third
Brandon Belt to second
Pitching: RHP Jesen Therrien
Batting: RHB Jose Trevino 0-0: SINGLE (Groundball, 56D, EV 97.5 MPH)
Corey Seager scores
Brandon Belt to third
Andrew Toles to second
Pitching: RHP Jeurys Familia
Batting: LHB Marco Hernandez 0-0: Called Strike
0-1: Ball
Wild Pitch!
Brandon Belt scores
Andrew Toles to third
Jose Trevino to second
1-1: Ball
2-1: Foul Ball, location: 2F
2-2: Strikes out swinging
Batting: RHB Alex Murphy 0-0: Ball
1-0: Ground out 6-3 (Groundball, 6S, EV 92.5 MPH)
Bottom of the 8th over - 3 runs, 2 hits, 0 errors, 2 left on base; Los Angeles 4 - Chicago 7
TOP OF THE 9TH
Los Angeles Angels batting - Pitching for Chicago White Sox : RHP Trevor Gott
Pitching: RHP Jacob Rhame
Batting: LHB Joey Wendle 0-0: Ball
1-0: Fly out, F7 (Flyball, 78S, EV 78.1 MPH)
Batting: RHB Tyler Austin 0-0: Ball
1-0: Ball
2-0: Called Strike
2-1: DOUBLE (Flyball, 89D, EV 86.9 MPH)
Batting: RHB Mike Zunino 0-0: Ball
1-0: Ball
2-0: Called Strike
2-1: Foul Ball, location: 2F
2-2: Ball
3-2: Base on Balls
Batting: RHB Zack Cozart 0-0: Called Strike
0-1: Ball
1-1: Foul Ball, location: 2F
1-2: 3-RUN HOME RUN (Flyball, 7D, EV 100.6 MPH), Distance : 378 ft
Pitching: LHP Brian Clark
Batting: LHB Kevin Kiermaier 0-0: Called Strike
0-1: Foul Ball, location: 2F
0-2: Strikes out looking
Batting: LHB Nick Markakis 0-0: Ball
1-0: Foul Ball, location: 2F
1-1: Ball
2-1: Ball
3-1: SINGLE (Line Drive, 78M, EV 98.8 MPH)
Batting: RHB Wil Myers 0-0: Ball
1-0: Called Strike
1-1: Foul Ball, location: 2F
1-2: Strikes out swinging
Top of the 9th over - 3 runs, 3 hits, 0 errors, 1 left on base; Los Angeles 7 - Chicago 7
BOTTOM OF THE 9TH
Chicago White Sox batting - Pitching for Los Angeles Angels : RHP Jeurys Familia
Pitching: LHP Aroldis Chapman
Pinch Hitting: RHB Justin Turner 0-0: Ball
1-0: Called Strike
1-1: Ball
2-1: Ball
3-1: Foul Ball, location: 2F
3-2: Base on Balls
Batting: LHB Michael Brantley 0-0: Called Strike
0-1: Ball
1-1: Fly out, F7 (Flyball, 78S, EV 90.6 MPH)
Batting: LHB Corey Seager 0-0: Ball
1-0: Swinging Strike
1-1: Foul Ball, location: 2F
1-2: Ball
2-2: Ball
3-2: Base on Balls
Justin Turner to second
Batting: LHB Brandon Belt 0-0: SINGLE (Groundball, 4D, EV 98.8 MPH)
Justin Turner to third
Corey Seager to second
Batting: SHB Melky Cabrera 0-0: Ball
1-0: Ball
2-0: Ball
3-0: Base on Balls
Justin Turner scores
Corey Seager to third
Brandon Belt to second
Thursday, December 12th, 2019 - OOTP Baseball 20.8 Build 73